 Dungeon Crawl Stone Soup version 0.17.1-1-g73c8601 (webtiles) character file.

95 JustSomeDude the Insei (level 4, -2/41 HPs)
             Began as a Hill Orc Monk on Dec 28, 2015.
             Was a Believer of Beogh.
             Slain by a quokka (3 damage)
             ... on level 6 of the Dungeon.
             The game lasted 00:04:20 (1013 turns).

JustSomeDude the Insei (Hill Orc Monk)              Turns: 1013, Time: 00:04:20

Health: -2/41      AC:  9    Str: 13    XL:     4   Next: 66%
Magic:  2/4        EV:  6    Int: 10    God:    Beogh [**....]
Gold:   64         SH:  0    Dex: 14    Spells: 0 memorised, 3 levels left

rFire  . . .     SeeInvis .       - Unarmed
rCold  . . .     Clarity  .     c - +0 chain mail
rNeg   . . .     SustAt   .     (no shield)
rPois  .         Gourm    .     (no helmet)
rElec  .         Spirit   .     (no cloak)
rCorr  .         Warding  .     (no gloves)
rMut   .         Stasis   .     (no boots)
MR     .....                    (no amulet)
Stlth  ..........               (no ring)
                                (no ring)

@: not resistant to hostile enchantments, extremely unstealthy
A: no striking features
a: Smiting, Renounce Religion


You were on level 6 of the Dungeon.
You worshipped Beogh.
Beogh was pleased with you.
You were not hungry.

You visited 1 branch of the dungeon, and saw 6 of its levels.

You collected 64 gold pieces.

Inventory:

Armour
 a - a +0 robe
 c - a +0 chain mail (worn)
Jewellery
 e - an uncursed ring of poison resistance {unknown}
Wands
 j - a wand of digging (13)
Scrolls
 d - 2 scrolls of identify {unknown}
 i - a scroll of noise {unknown}
Potions
 g - a potion of cancellation {unknown}
Books
 f - an Akashic Record

   Spells                             Type                      Level
   a - Dispersal                      Translocation                6
   b - Malign Gateway                 Summoning/Translocation      7
   c - Disjunction                    Translocation                8
   d - Controlled Blink               Translocation                8
Comestibles
 b - 2 bread rations
 h - 2 fruits


   Skills:
 + Level 4.4 Fighting
 + Level 1.4 Armour
 + Level 2.9 Dodging
 + Level 1.6 Stealth
 + Level 5.2 Unarmed Combat


You had 3 spell levels left.
You didn't know any spells.

Dungeon Overview and Level Annotations

Branches:
Dungeon (6/15)
 Temple: D:4-7

Altars:
Ashenzari
Nemelex Xobeh
Trog

Shops:
D:5 [(


Message History

* * * LOW HITPOINT WARNING * * *
The quokka bites you.
* * * LOW HITPOINT WARNING * * *
The orc hits you but does no damage. The orc wizard hits you with a dagger.
* * * LOW HITPOINT WARNING * * *
The wyvern skeleton bites you but does no damage.
The quokka bites you but does no damage.
The orc wizard hits you but does no damage.
The wyvern skeleton closely misses you.
The orc wizard mumbles some strange words.
The orc wizard blinks!
The quokka bites you.
* * * LOW HITPOINT WARNING * * *
The wyvern skeleton bites you but does no damage.
The orc hits you but does no damage.
The orc wizard gestures wildly while chanting.
The orc wizard blinks!
The quokka twitches its whiskers.
The quokka bites you.
You die...

#................#
#..........<.....#
#................#
#...............$#
#................#
#................#
#................#
#oo..............#
#@Zoo............#
#ro..............#
#................
#...............
#(.............
#......ยง......
#............
#...........
#..........


You could see an orc warrior, an orc wizard, 3 orcs, a quokka and a wyvern
skeleton.

Vanquished Creatures
  A centaur (D:4)
  An adder skeleton (D:4)
  A worm (D:2)
  2 orcs (D:3)
  4 hobgoblins
  A goblin (D:2)
  2 quokkas
12 creatures vanquished.

Vanquished Creatures (others)
  An orc priest (D:3)
  3 gnolls (D:3)
  An orc (D:3)
  2 kobolds (D:3)
7 creatures vanquished.

Grand Total: 19 creatures vanquished

Notes
Turn   | Place    | Note
--------------------------------------------------------------
     0 | D:1      | JustSomeDude the Hill Orc Monk began the quest for the Orb.
     0 | D:1      | Reached XP level 1. HP: 19/19 MP: 1/1
   140 | D:3      | Noticed an orc priest
   141 | D:3      | Became a worshipper of Beogh the Brigand
   141 | D:3      | Reached * piety under Beogh
   141 | D:3      | Reached ** piety under Beogh
   148 | D:3      | Reached XP level 2. HP: 17/27 MP: 2/2
   180 | D:3      | Killed an orc priest
   592 | D:4      | Noticed a centaur
   593 | D:4      | Found a shattered altar of Ashenzari.
   606 | D:4      | HP: 1/27 [centaur (1)]
   607 | D:4      | Beogh protects you from harm!
   608 | D:4      | Killed a centaur
   608 | D:4      | Reached skill level 1 in Armour
   608 | D:4      | Reached skill level 5 in Unarmed Combat
   608 | D:4      | Reached XP level 3. HP: 1/34 MP: 3/3
   608 | D:4      | Reached XP level 4. HP: 1/41 MP: 4/4
   909 | D:4      | Found a bloodstained altar of Trog.
   915 | D:4      | Found a sparkling altar of Nemelex Xobeh.
   936 | D:5      | Entered Level 5 of the Dungeon
   937 | D:5      | Found Adghu's Antique Weapon Shop.
   947 | D:5      | Found Inuped's Armour Shoppe.
   993 | D:6      | Noticed an orc warrior
  1012 | D:6      | HP: 1/41 [quokka (3)]
  1013 | D:6      | Slain by a quokka

Action                   |  1- 3 |  4- 6 || total
-------------------------+-------+-------++-------
Melee: Unarmed           |    53 |     9 ||    62
Invok: Convert to Beogh  |     1 |       ||     1
       Smiting           |       |     1 ||     1
